 Dungeon Crawl Stone Soup version 0.19-a0-1223-gf83d13a (webtiles) character file.

640 Gruud the Chopper (level 7, 0/50 HPs)
             Began as a Demonspawn Warper on Aug 24, 2016.
             Slain by a gnoll
             ... wielding a +0 flail
              (10 damage)
             ... on level 5 of the Dungeon.
             The game lasted 00:12:36 (4714 turns).

Gruud the Chopper (Demonspawn Warper)               Turns: 4714, Time: 00:12:36

Health: 0/50       AC:  6    Str: 16    XL:     7   Next: 26%
Magic:  10/10      EV: 13    Int: 14    God:
Gold:   226        SH:  0    Dex: 16    Spells: 3 memorised, 3 levels left

rFire  . . .     SeeInvis .     a - +0 hand axe
rCold  . . .     Gourm    .     z - +2 leather armour {rPois}
rNeg   . . .     Faith    .     (no shield)
rPois  +         Spirit   .     (helmet unavailable)
rElec  .         Dismiss  .     (no cloak)
rCorr  .         Reflect  .     y - +0 pair of gloves
MR     .....     Harm     .     (no boots)
Stlth  +.........               (no amulet)
                                u - +2 ring of dexterity
                                o - +4 ring of strength

@: no status effects
A: horns 3, rot immunity
a: no special abilities


You were on level 5 of the Dungeon.
You were not hungry.

You visited 1 branch of the dungeon, and saw 5 of its levels.

You collected 226 gold pieces.

Inventory:

Hand Weapons
 a - a +0 hand axe (weapon)
Missiles
 e - 5 tomahawks of dispersal
 p - a throwing net
 s - 4 tomahawks (quivered)
Armour
 b - a +0 leather armour
 i - a +0 ring mail
 x - a +0 scale mail
 y - a +0 pair of gloves (worn)
 z - a +2 leather armour of poison resistance (worn)
Jewellery
 o - a +4 ring of strength (left hand)
 u - a +2 ring of dexterity (right hand)
Scrolls
 d - a scroll of blinking
 h - a scroll of teleportation {unknown}
 j - a scroll of enchant armour {unknown}
 k - 2 scrolls of remove curse {unknown}
 l - a scroll of recharging {unknown}
 n - a scroll of fog {unknown}
 r - a scroll of random uselessness {unknown}
 t - 2 scrolls of enchant weapon {unknown}
 D - a scroll of immolation {unknown}
 E - a scroll of identify
Potions
 m - a potion of curing
 q - a potion of invisibility
 v - a potion of cure mutation
 w - a potion of agility {unknown}
 B - a potion of might {unknown}
 C - a potion of heal wounds {unknown}
Books
 c - a book of Spatial Translocations

   Spells                             Type                      Level
   a - Apportation                    Translocation                1
   b - Blink                          Translocation                2
   c - Shroud of Golubria             Charms/Translocation         2
   d - Portal Projectile              Translocation                3
   e - Teleport Other                 Translocation                3
   f - Passage of Golubria            Translocation                4
Comestibles
 f - 6 bread rations
 A - a meat ration


   Skills:
 - Level 2.0 Fighting
 * Level 6.4 Axes
 - Level 0.8 Throwing
 - Level 0.8 Armour
 + Level 2.9 Dodging
 - Level 2.0 Spellcasting
 - Level 3.9 Translocations


You had 3 spell levels left.
You knew the following spells:

 Your Spells              Type           Power        Failure   Level  Hunger
a - Apportation           Tloc           ##........   10%         1    ##.....
b - Blink                 Tloc           N/A          12%         2    ###....
c - Passage of Golubria   Tloc           N/A          71%         4    #####..


Dungeon Overview and Level Annotations

Branches:
Dungeon (5/15)
 Temple: D:4-7

Altars:
Kikubaaqudgha
Vehumet

Shops:
D:4 :

Annotations:
D:4 Sigmund


Innate Abilities, Weirdness & Mutations

You have a pair of large horns on your head.
You are immune to rotting.


Message History

The gnoll hits you but does no damage.
You barely miss the gnoll. You headbutt the gnoll.
The gnoll is severely wounded.
The gnoll barely misses you.
Things that are here:
a leather armour; an orc corpse You hit the gnoll.
The gnoll is severely wounded.
You hit the gnoll. The gnoll completely misses you.
The gnoll hits you with a spear.
You hit the gnoll but do no damage. Your headbutt misses the gnoll.
The gnoll is severely wounded.
You barely miss the gnoll. The gnoll hits you with a flail!
* * * LOW HITPOINT WARNING * * *
The gnoll closely misses you.
You hit the gnoll but do no damage.
The gnoll is severely wounded.
You hit the gnoll but do no damage. The gnoll barely misses you.
The gnoll hits you with a flail!
You die...

#.###.####..#.# ##.#
#.# #.####..#.##...#
#.# #...##.......#
#.# ###.###..).# . #.
#..##...##...
##............
##.)..........
#####...).........
##.....#g@g........
.##..#....))....#####
..........#####....#
....#####.####...#.#
.# #.......###.#
#.....##..#
.....###.g. # ..###
##g.. . .###


You could see 2 gnolls.

Vanquished Creatures
  A scorpion (D:4)
  A vampire bat (D:2)
  2 orc wizards
  4 orc priests
  A gnoll shaman (D:5)
  A centaur skeleton (D:5)
  3 worker ants
  A hound skeleton (D:4)
  A worker ant zombie (D:5)
  6 gnolls
  2 adders
  A shadow imp (D:5)
  2 oozes
  An adder zombie (D:5)
  2 worms (D:3)
  2 giant geckos
  22 orcs
  2 bat skeletons (D:2)
  2 bat zombies (D:2)
  5 giant cockroaches
  A hobgoblin (D:2)
  8 jackals
  A quokka (D:3)
  6 bats
  5 giant newts
  9 goblins
  12 kobolds
  7 rats
111 creatures vanquished.

Notes
Turn   | Place    | Note
-------+----------+-------------------------------------------
     0 | D:1      | Gruud the Demonspawn Warper began the quest for the Orb.
     0 | D:1      | Reached XP level 1. HP: 16/16 MP: 3/3
    18 | D:1      | Reached skill level 2 in Axes
   233 | D:1      | Gained mutation: You have a pair of small horns on your head. [demonic ancestry]
   233 | D:1      | Reached XP level 2. HP: 15/22 MP: 5/5
   594 | D:1      | Reached skill level 3 in Axes
   935 | D:2      | Gained mutation: You have a pair of horns on your head. [demonic ancestry]
   935 | D:2      | Reached XP level 3. HP: 27/27 MP: 6/6
   951 | D:2      | Learned a level 2 spell: Blink
  1133 | D:2      | Found an ancient bone altar of Kikubaaqudgha.
  1159 | D:2      | Reached XP level 4. HP: 31/33 MP: 7/7
  1301 | D:2      | Learned a level 4 spell: Passage of Golubria
  1524 | D:3      | Reached skill level 4 in Axes
  1533 | D:3      | Gained mutation: You have a pair of large horns on your head. [demonic ancestry]
  1533 | D:3      | Reached XP level 5. HP: 11/38 MP: 8/8
  2572 | D:3      | Reached skill level 5 in Axes
  2842 | D:3      | Found a radiant altar of Vehumet.
  3190 | D:4      | Noticed Sigmund
  3374 | D:4      | Gained mutation: You are immune to rotting. [demonic ancestry]
  3374 | D:4      | Reached XP level 6. HP: 38/44 MP: 9/9
  3724 | D:4      | Found Xyowkag's Book Boutique.
  3777 | D:5      | Entered Level 5 of the Dungeon
  4390 | D:5      | Reached skill level 6 in Axes
  4401 | D:5      | Reached XP level 7. HP: 37/50 MP: 10/10
  4714 | D:5      | Slain by a gnoll

Vault maps used:
D:1:      sevenhm_arrival_forest_fort_small_6, item_on_display_a
D:2:      kennysheep_vampire_church, first_bread
D:3:      nicolae_overflow_hidden_temple, kennysheep_minor_cross
D:4:      serial_shops, nicolae_shop_temple_entry_statues_fountains,
          minivault_27, uniq_sigmund
D:5:      old_standard_altar

Skill      XL: |  1  2  3  4  5  6 |
---------------+-------------------+-----
Axes           | 2 3 4 5 6 |  6.4
Translocations | 3 |  3.9
Dodging        | 2 |  2.9
Fighting       | |  2.0
Throwing       | |  0.8
Armour         | |  0.8
Spellcasting   | |  2.0

Action                   |  1- 3 |  4- 6 |  7- 9 || total
-------------------------+-------+-------+-------++-------
Melee: Hand axe          |   141 |   225 |    47 ||   413
       Headbutt          |    16 |    51 |    10 ||    77
  Use: Scroll            |       |     4 |       ||     4
       Potion            |       |       |     1 ||     1
  Eat: Chunk             |     1 |     5 |     1 ||     7
       Bread ration      |       |     1 |       ||     1
       Beef jerky        |       |     1 |       ||     1
Armor: Leather armour    |     7 |    24 |    13 ||    44
       Ring mail         |    55 |    22 |       ||    77
       Scale mail        |       |    15 |       ||    15
Dodge: Dodged            |    87 |    96 |    30 ||   213
